 Dungeon Crawl Stone Soup version 0.29.1-4-g47bece8355 (webtiles) character file.

Game seed: 2364115120547152550

11 chavenet the Trooper (level 2, -3/27 HPs)
             Began as a Hill Orc Fighter on Dec 3, 2022.
             Slain by Natasha (5 damage)
             ... on level 2 of the Dungeon.
             The game lasted 00:01:09 (769 turns).

chavenet the Trooper (Hill Orc Fighter)              Turns: 769, Time: 00:01:10

Health: -3/27      AC:  6    Str: 18    XL:     2   Next: 25%
Magic:  2/2        EV:  9    Int:  8    God:
Gold:   11         SH:  9    Dex: 10    Spells: 1/1 levels left

rFire   . . .      SeeInvis .   a - +0 war axe
rCold   . . .      Faith    .   c - +0 buckler
rNeg    . . .      Spirit   .   b - +0 scale mail
rPois   .          Reflect  +   (no helmet)
rElec   .          Harm     .   (no cloak)
rCorr   .          Rampage  .   (no gloves)
Will    .....                   (no boots)
Stlth   ..........              h - amulet of reflection
HPRegen 0.09/turn               (no ring)
MPRegen 0.08/turn               (no ring)

@: mighty
A: no striking features
a: no special abilities


You were on level 2 of the Dungeon.
You visited 1 branch of the dungeon, and saw 2 of its levels.

You collected 11 gold pieces.

Inventory:

Hand Weapons
 a - a +0 war axe (weapon)
Missiles
 f - 3 javelins (quivered)
Armour
 b - a +0 scale mail (worn)
 c - a +0 buckler (worn)
Jewellery
 h - an amulet of reflection (around neck)
Scrolls
 e - a scroll of fog {unknown}
 g - a scroll of torment {unknown}
 j - a scroll of enchant armour {unknown}
Potions
 i - a potion of flight {unknown}


   Skills:
 - Level 3.6 Fighting
 * Level 3.4 Axes
 - Level 3.3 Armour
 + Level 0.5 Dodging
 - Level 3.3 Shields


You had one spell level left.
You didn't know any spells.
Your spell library contained the following spells:

 Spells                   Type           Power      Damage    Failure   Level
 Shock                    Conj/Air       0%         1d3       87%         1


Dungeon Overview and Level Annotations

Branches:
Dungeon (2/15)

Altars:

Annotations:
D:2 Natasha


Message History

There are monsters nearby!
The goblin unwields a +0 club.
The goblin wields a +0 sling.
The goblin shoots a sling bullet.
The sling bullet hits you. You block the giant cockroach's attack.
You hit the giant cockroach but do no damage.
The goblin shoots a sling bullet.
You reflect the sling bullet off an invisible shield around you!
The sling bullet completely misses the goblin.
You block the giant cockroach's attack.
The goblin shoots a sling bullet.
The sling bullet barely misses you.
The giant cockroach bites you but does no damage.
The goblin shoots a sling bullet.
The sling bullet hits you but does no damage.
The goblin shoots a sling bullet.
You reflect the sling bullet off an invisible shield around you!
The sling bullet barely misses the goblin.
The giant cockroach attacks as you move away!
The giant cockroach barely misses you.
Natasha, Servant of Life and Death comes into view.
Natasha hisses angrily.
The goblin shoots a sling bullet.
The sling bullet hits you. You block Natasha's attack.
The goblin unwields a +0 sling.
The goblin wields a +0 club.
The goblin hits you with a +0 club.
You feel very mighty all of a sudden.
The giant cockroach bites you but does no damage.
Natasha casts a spell at you. The magic dart hits you.
You block the giant cockroach's attack.
You closely miss Natasha. You slash the giant cockroach!
You kill the giant cockroach!
You slash the goblin!
You kill the goblin!
Natasha claws you.
Natasha stares at you and mumbles some strange words.
The magic dart hits you.
You closely miss Natasha. Natasha claws you!
* * * LOW HITPOINT WARNING * * *
You slash Natasha!
Natasha is heavily wounded.
Natasha claws you.
You die...

### ... ...
###.########
...........#
####.....@).#.##
........†.h......
..#######...#.#.###
.........<..#.# #
.......###..# #
#...... ...#
....... ####
....... ###....


You could see Natasha.

Vanquished Creatures
  An endoplasm (D:1)
  A giant cockroach (D:2)
  2 hobgoblins (D:1)
  2 bats (D:1)
  A frilled lizard (D:1)
  A goblin (D:2)
  3 rats (D:1)
11 creatures vanquished.

Vanquished Creatures (others)
  A plant (D:1)
1 creature vanquished.

Grand Total: 12 creatures vanquished

Notes
Turn   | Place    | Note
-------+----------+-------------------------------------------
     0 | D:1      | chavenet the Hill Orc Fighter began the quest for the Orb.
     0 | D:1      | Reached XP level 1. HP: 19/19 MP: 1/1
   242 | D:1      | Found a faded altar of an unknown god.
   250 | D:1      | Got Plato's Compendium of the Harmful Zephyr
   436 | D:1      | Reached XP level 2. HP: 27/27 MP: 2/2
   764 | D:2      | Noticed Natasha
   769 | D:2      | Slain by Natasha

Illustrated notes

Levels and vault maps discovered:
D:1:      dpeg_arrival_round_b, layout_basic,
          shapermc_ecumenical_altar_rom_forum, hangedman_decor_push
D:2:      layout_basic, uniq_natasha

Skill      XL: |  1 |
---------------+----+-----
Axes           | 3 |  3.4
Fighting       | |  3.6
Armour         | |  3.3
Dodging        | |  0.5
Shields        | |  3.3

Action                   || total
-------------------------++-------
Melee: War axe           ||    29
  Use: Potion            ||     1
Armor: Scale mail        ||    11
Dodge: Dodged            ||    13
Block: Buckler           ||    16
       Reflection        ||     2
